 Dungeon Crawl Stone Soup version 0.22-a0-533-g4d20840 (webtiles) character file.

249 Mgcat the Cleaver (level 6, 0/50 HPs)
             Began as a Hill Orc Gladiator on June 22, 2018.
             Succumbed to a gnoll's poison
             ... on level 4 of the Dungeon.
             The game lasted 00:05:05 (2611 turns).

Mgcat the Cleaver (Hill Orc Gladiator)              Turns: 2611, Time: 00:05:06

Health: 0/50       AC: 10    Str: 24    XL:     6   Next: 12%
Magic:  6/6        EV: 11    Int:  8    God:
Gold:   152        SH:  0    Dex: 12    Spells: 5/5 levels left

rFire    . . .     SeeInvis .   a - +2 war axe
rCold    . . .     Gourm    .   (no shield)
rNeg     . . .     Faith    .   l - +0 scale mail
rPois    .         Spirit   .   c - +1 helmet
rElec    .         Reflect  .   (no cloak)
rCorr    +         Harm     .   m - +1 pair of gloves
MR       .....                  (no boots)
Stlth    ..........             (no amulet)
HPRegen  0.16/turn              g - ring of resist corrosion
MPRegen  0.10/turn              (no ring)

@: mighty, lethally poisoned (0 -> -14), very slightly contaminated, invisible
A: no striking features
a: no special abilities


You were on level 4 of the Dungeon.
You were hungry.

You visited 1 branch of the dungeon, and saw 4 of its levels.

You collected 152 gold pieces.

Inventory:

Hand Weapons
 a - a +2 war axe (weapon)
Missiles
 d - 3 throwing nets {=f, !d}
 h - 5 tomahawks (quivered)
Armour
 c - a +1 helmet (worn)
 l - a +0 scale mail (worn)
   (You took it off an orc on level 3 of the Dungeon)
 m - a +1 pair of gloves (worn)
   (You found it on level 3 of the Dungeon)
Jewellery
 g - a ring of resist corrosion (left hand)
   (You found it on level 1 of the Dungeon)
Scrolls
 i - 4 scrolls of remove curse
Potions
 j - a potion of flight
Comestibles
 f - 6 rations
 n - a chunk of flesh {@w0}


   Skills:
 - Level 2.4 Fighting
 + Level 8.8 Axes
 - Level 1.7 Throwing
 - Level 2.4 Dodging


You had 5 spell levels left.
You didn't know any spells.
Your spell library was empty.

Dungeon Overview and Level Annotations

Branches:
Dungeon (4/15)
 Temple: D:4-7

Altars:
Dithmenos

Annotations:
D:4 Purgy


Message History

A gnoll is nearby!
A gnoll is nearby! 2 gnolls come into view.
A gnoll is wielding a spear of freezing.
The gnoll shouts!
A gnoll comes into view. It is wielding a halberd of venom.
The gnoll hits you with a spear of freezing.
The gnoll freezes you. The gnoll barely misses you.
The gnoll hits you but does no damage.
Found a stone staircase leading down.
Your scale mail prevents you from hitting the gnoll.
The gnoll closely misses you.
The gnoll hits you from afar with a spear.
The gnoll closely misses you. The gnoll misses you.
You hit the gnoll.
The gnoll is lightly wounded.
The gnoll hits you from afar with a spear.
The gnoll hits you but does no damage. x2
You barely miss the gnoll.
The gnoll is lightly wounded.
The gnoll hits you but does no damage. x2; The gnoll barely misses you.
You slash the gnoll!
You kill the gnoll!
The gnoll hits you from afar with a halberd of venom.
The gnoll hits you but does no damage.
You hit the gnoll.
The gnoll is lightly wounded.
The gnoll misses you. The gnoll hits you but does no damage.
The gnoll closely misses you.
You barely miss the gnoll.
The gnoll is lightly wounded.
The gnoll hits you but does no damage.
You are poisoned.
The gnoll closely misses you.
The gnoll hits you from afar with a spear.
You feel sick.
The gnoll hits you with a halberd of venom.
The gnoll hits you but does no damage. x2
You are too injured to fight recklessly!
You are too injured to fight recklessly!
You are feeling hungry.
You hit the gnoll.
The gnoll is lightly wounded.
You barely miss the gnoll. You hit the gnoll.
You feel sick. The gnoll hits you with a spear. The gnoll closely misses you.
The gnoll hits you with a halberd of venom.
You are more poisoned.
You hit the gnoll.
The gnoll is heavily wounded.
You hit the gnoll. You hit the gnoll but do no damage.
You feel sick. The gnoll hits you but does no damage.
The gnoll hits you with a club.
The gnoll hits you with a halberd of venom!
* * * LOW HITPOINT WARNING * * *
You are more poisoned.
Okay, then.
It was a potion of heal wounds.
You feel much better.
You feel sick. The gnoll hits you but does no damage.
The gnoll barely misses you. The gnoll hits you but does no damage.
You are more poisoned.
You feel very mighty all of a sudden.
You feel sick.
The gnoll hits you but does no damage. x2
You slash the gnoll!
You kill the gnoll!
You have reached level 6!
Your experience leads to an increase in your attributes!
Your base attributes are Str 18, Int 8, Dex 12.
Increase (S)trength, (I)ntelligence, or (D)exterity?
You feel stronger.
You barely miss the gnoll. You slash the gnoll!
You kill the gnoll!
* * * LOW HITPOINT WARNING * * *
You feel very sick. The gnoll barely misses you.
You slash the gnoll!
You kill the gnoll!
* * * LOW HITPOINT WARNING * * *
You feel very sick.
It was a potion of invisibility.
You fade into invisibility!
* * * LOW HITPOINT WARNING * * *
You feel sick.
You are very lightly contaminated with residual magic.
* * * LOW HITPOINT WARNING * * *
You feel sick.
* * * LOW HITPOINT WARNING * * *
You feel sick.
Okay, then.
Unknown command.
* * * LOW HITPOINT WARNING * * *
You feel sick.
* * * LOW HITPOINT WARNING * * *
You feel sick.
* * * LOW HITPOINT WARNING * * *
You feel sick.
There is a stone staircase leading down here.
* * * LOW HITPOINT WARNING * * *
You feel sick.
You climb downwards.
Purgy the Meek comes into view.
You die...

#..........###
##............#
..T...........
#............
#..........$.
#........?..
#...........
#..@.......
#...<......
##.........
#........%
##........
#########


You could see Purgy (sleeping).

Vanquished Creatures
  An orc priest (D:2)
  An orc wizard (D:2)
  Terence (D:2)
  3 adders
  4 gnolls (D:3)
  3 oozes
  3 worms
  3 dart slugs
  2 leopard geckos
  6 orcs
  2 giant cockroaches
  12 goblins
  3 hobgoblins
  4 jackals
  11 kobolds
  5 bats
  A frilled lizard (D:1)
  3 rats
68 creatures vanquished.

Notes
Turn   | Place    | Note
-------+----------+-------------------------------------------
     0 | D:1      | Mgcat the Hill Orc Gladiator began the quest for the Orb.
     0 | D:1      | Reached XP level 1. HP: 18/18 MP: 1/1
    16 | D:1      | Reached XP level 2. HP: 13/25 MP: 2/2
   146 | D:1      | Reached skill level 5 in Axes
   248 | D:1      | Reached XP level 3. HP: 29/30 MP: 3/3
   692 | D:2      | Reached skill level 6 in Axes
   711 | D:2      | Noticed Terence
   721 | D:2      | Killed Terence
   721 | D:2      | Reached XP level 4. HP: 23/37 MP: 4/4
  1166 | D:2      | Reached skill level 7 in Axes
  1207 | D:2      | Reached XP level 5. HP: 34/42 MP: 5/5
  1795 | D:3      | Found a shadowy altar of Dithmenos.
  1803 | D:3      | Reached skill level 8 in Axes
  2040 | D:3      | HP: 10/42 [poisoned by a kobold]
  2047 | D:3      | HP: 9/42 [poisoned by a kobold]
  2055 | D:3      | HP: 8/42 [poisoned by a kobold]
  2599 | D:3      | HP: 3/42 [gnoll/halberd of venom (11)]
  2602 | D:3      | Reached XP level 6. HP: 17/50 MP: 6/6
  2604 | D:3      | HP: 10/50 [poisoned by a gnoll]
  2608 | D:3      | HP: 3/50 [poisoned by a gnoll]
  2610 | D:3      | HP: 1/50 [poisoned by a gnoll]
  2611 | D:4      | Noticed Purgy
  2611 | D:4      | Succumbed to a gnoll's poison

Vault maps used:
D:1:      scummos_arrival_star
D:2:      roderic_cross_of_infinity, uniq_terence
D:3:      lemuel_crystal_altar, kennysheep_generic_room_16
D:4:      first_ration, serial_shops, shop, uniq_natasha, uniq_ijyb, uniq_purgy,
          uniq_pikel

Skill      XL: |  1  2  3  4  5 |
---------------+----------------+-----
Axes           | 5 6 7 8 |  8.8
Fighting       | |  2.4
Throwing       | |  1.7
Dodging        | |  2.4

Action                   |  1- 3 |  4- 6 || total
-------------------------+-------+-------++-------
Melee: War axe           |    60 |   117 ||   177
  Use: Scroll            |     6 |     8 ||    14
       Potion            |     2 |     3 ||     5
  Eat: Chunk             |       |     5 ||     5
Armor: Leather armour    |    20 |       ||    20
       Ring mail         |     3 |    24 ||    27
       Scale mail        |       |    21 ||    21
Dodge: Dodged            |    39 |    70 ||   109

Table legend:
 A = Spawn XP
 B = Non-spawn XP
 C = Spawn XP percentage of total XP
 D = Spawn monster count
 E = Non-spawn monster count
 F = Spawn count percentage of total count
 G = Total turns spent on level
                    A         B        C        D         E        F      G
               +---------+---------+-------+---------+---------+-------+---------
         Total |       0 |     356 |   0.0 |       0 |      68 |   0.0 |  2611
               +---------+---------+-------+---------+---------+-------+---------
           D:1 |       0 |      59 |   0.0 |       0 |      24 |   0.0 |   686
           D:2 |       0 |     170 |   0.0 |       0 |      20 |   0.0 |  1138
           D:3 |       0 |     127 |   0.0 |       0 |      24 |   0.0 |   787
               +---------+---------+-------+---------+---------+-------+---------

Vault maps used:
D:1:      scummos_arrival_star
D:2:      roderic_cross_of_infinity, uniq_terence
D:3:      lemuel_crystal_altar, kennysheep_generic_room_16
D:4:      first_ration, serial_shops, shop, uniq_natasha, uniq_ijyb, uniq_purgy,
          uniq_pikel

Table legend:
 A = Turns spent in this place as a percentage of turns spent in the entire game.
 B = Non-inter-level travel turns spent in this place as a percentage of non-inter-level travel turns spent in the entire game.
 C = Inter-level travel turns spent in this place as a percentage of turns spent in this place.
 D = Turns resting spent in this place as a percentage of non-inter-level travel turns spent in this place.
 E = Turns spent auto-exploring this place as a percentage of non-inter-level travel turns spent in this place.
 F = Non-inter-level travel turns spent in this place divided by the number of levels of this place that you've seen.
                   A       B       C       D       E      F
               +-------+-------+-------+-------+-------+----------------------
         Total | 100.0 | 100.0 |   4.3 |   0.0 |  82.7 | 624.5
       Dungeon | 100.0 | 100.0 |   4.3 |   0.0 |  82.7 | 624.5
               +-------+-------+-------+-------+-------+----------------------

Table legend:
 A = Kills in this place as a percentage of kills in entire the game.
 B = Kills by you in this place as a percentage of kills by you in the entire game.
 C = Kills by friends in this place as a percentage of kills by friends in the entire game.
 D = Other kills in this place as a percentage of other kills in the entire game.
 E = Experience gained in this place as a percentage of experience gained in the entire game.
 F = Experience gained in this place divided by the number of levels of this place that you have seen.
                   A       B       C       D       E      F
               +-------+-------+-------+-------+-------+----------------------
         Total | 100.0 | 100.0 |   N/A |   N/A | 100.0 |  89.0
       Dungeon | 100.0 | 100.0 |   N/A |   N/A | 100.0 |  89.0
               +-------+-------+-------+-------+-------+----------------------
